 Dungeon Crawl Stone Soup version 0.22-a0-515-g75794bf (webtiles) character file.

30 Amnesiac the Charlatan (level 3, 0/16 HPs)
             Began as a Spriggan Wanderer on June 19, 2018.
             Was an Initiate of Ashenzari.
             Succumbed to an adder's poison
             ... on level 2 of the Dungeon.
             The game lasted 00:03:04 (818 turns).

Amnesiac the Charlatan (Spriggan Wanderer)           Turns: 818, Time: 00:03:04

Health: 0/16       AC:  2    Str:  9    XL:     3   Next: 3%
Magic:  6/9        EV: 15    Int: 12    God:    Ashenzari [......]
Gold:   52         SH:  0    Dex: 16    Spells: 8/10 levels left

rFire    . . .     SeeInvis +   a - +1 dagger (venom)
rCold    . . .     Gourm    .   (shield restricted)
rNeg     . . .     Faith    .   d - +0 robe
rPois    .         Spirit   .   (helmet restricted)
rElec    .         Reflect  .   (no cloak)
rCorr    .         Harm     .   (gloves unavailable)
MR       .....                  (boots unavailable)
Stlth    +.........             (no amulet)
HPRegen  0.05/turn              (no ring)
MPRegen  0.11/turn              (no ring)

@: lethally poisoned (0 -> -7), very quick
A: very small, unfitting armour, see invisible, herbivore, speed 3, slow
metabolism 2
a: Curse Item, Renounce Religion


You were on level 2 of the Dungeon.
You worshipped Ashenzari.
Ashenzari was noncommittal.
You were not hungry.

You visited 1 branch of the dungeon, and saw 2 of its levels.

You collected 52 gold pieces.

Inventory:

Hand Weapons
 a - a +1 dagger of venom (weapon)
Armour
 d - a +0 robe (worn)
Scrolls
 b - a scroll of amnesia {!r, unknown}
 g - a scroll of identify {!r, unknown}
 h - a scroll of remove curse {!r}
Miscellaneous
 c - a fan of gales (inert)
Comestibles
 f - 3 rations


   Skills:
 + Level 0.0 Fighting
 - Level 4.0 Spellcasting
   Level 1.2 Hexes
   Level 3.0 Charms
   Level 1.0 Air Magic
 - Level 1.0 Poison Magic
 - Level 4.7 Evocations


You had 8 spell levels left.
You knew the following spells:

 Your Spells              Type           Power        Failure   Level  Hunger
a - Sting                 Conj/Pois      #...         19%         1    #......
b - Apportation           Tloc           #.....       22%         1    #......

Your spell library contained the following spells:

 Spells                   Type           Power        Failure   Level  Hunger
 Mephitic Cloud           Conj/Pois/Air  #.......     45%         3    ###....
 Teleport Other           Tloc           #.......     54%         3    ###....


Dungeon Overview and Level Annotations

Branches:
Dungeon (1/15)

Altars:
Ashenzari


Innate Abilities, Weirdness & Mutations

You are very small and have problems with some larger weapons.
You are too small for most types of armour.
You have supernaturally acute eyesight. (SInv)
You are a herbivore.
You cover ground extremely quickly.
You need to consume almost no food.


Message History

* * * LOW HITPOINT WARNING * * *
You feel sick.
The jackal barks!
You hear a shout! x2
* * * LOW HITPOINT WARNING * * *
You feel sick.
* * * LOW HITPOINT WARNING * * *
You feel sick.
* * * LOW HITPOINT WARNING * * *
You feel sick.
A gnoll comes into view.
The gnoll shouts!
A gnoll comes into view. It is wielding a spear.
Found a leatherbound book.
You see here an uncursed war axe.
* * * LOW HITPOINT WARNING * * *
You feel sick.
A gnoll comes into view. It is wielding a whip.
Evoke which item? (* to show all) (? for menu, Esc to quit)
A fierce wind blows from the fan.
The gnoll is blown away by the wind.
The gnoll shouts! x2
Evoke which item? (* to show all) (? for menu, Esc to quit)
Okay, then.
Okay, then.
You aren't carrying any potions.
Unknown command.
Casting: Sting (safe; 19% risk of failure)
Confirm with . or Enter, or press ? or * to list all spells.
Aiming: Sting (safe; 19% risk of failure)
Press: ? - help, Shift-Dir - straight line, f - gnoll
Aim: a gnoll, wielding a spear The sting misses the gnoll.
The sting hits the gnoll.
The gnoll is poisoned.
The gnoll is lightly wounded.
* * * LOW HITPOINT WARNING * * *
You feel sick.
Unknown command.
Unknown command.
Casting: Sting (safe; 19% risk of failure)
Confirm with . or Enter, or press ? or * to list all spells.
Aiming: Sting (safe; 19% risk of failure)
Press: ? - help, Shift-Dir - straight line, f/p - gnoll
Aim: a gnoll, wielding a spear The sting misses the gnoll.
The sting hits the gnoll.
The gnoll appears unharmed.
The gnoll is moderately wounded.
* * * LOW HITPOINT WARNING * * *
You feel sick.
Unknown command.
Unknown command.
Unknown command.
The gnoll throws a stone.
The stone misses you.
You see here an uncursed war axe.
Casting: Sting (safe; 19% risk of failure)
Confirm with . or Enter, or press ? or * to list all spells.
Aiming: Sting (safe; 19% risk of failure)
Press: ? - help, Shift-Dir - straight line, f/p - gnoll
Aim: a gnoll, wielding a spear The sting hits the gnoll.
The gnoll is lightly wounded.
* * * LOW HITPOINT WARNING * * *
You feel sick.
Unknown command.
The gnoll throws a stone.
The stone closely misses you. The jackal barely misses you.
You die...

#...!...# ....
#........ ...# #
##..g.....##.#.# #.
##.g........#....
#.###..g......#..h$..
#......)#######..###.
#.......# ###..###.
#......h#####........
#...@(.......†.......
#...(...###.....#....
##......# #.....#....
#....### #.....##...
#...## #......#...
###.## #......##.#
##...# ####....#.#
#...########..###.####
#..†..†..†......###...


You could see 3 gnolls and a jackal.

Vanquished Creatures
  2 adders (D:2)
  A worm (D:2)
  3 jackals (D:2)
  A quokka (D:2)
  A bat (D:2)
  A kobold (D:1)
  A rat (D:2)
10 creatures vanquished.

Notes
Turn   | Place    | Note
-------+----------+-------------------------------------------
     0 | D:1      | Amnesiac the Spriggan Wanderer began the quest for the Orb.
     0 | D:1      | Amnesiac set off with: a fan of gales, a +0 robe, a +0 dagger, a ration
     0 | D:1      | Reached XP level 1. HP: 9/9 MP: 6/6
     2 | D:1      | Learned a level 1 spell: Apportation
    77 | D:1      | Learned a level 1 spell: Sting
   123 | D:1      | You fall through a shaft!
   129 | D:2      | Found a shattered altar of Ashenzari.
   174 | D:2      | Became a worshipper of Ashenzari the Shackled
   195 | D:2      | Reached XP level 2. HP: 6/13 MP: 8/8
   801 | D:2      | Reached XP level 3. HP: 8/16 MP: 9/9
   818 | D:2      | Succumbed to an adder's poison

Vault maps used:
D:1:      dpeg_arrival_line_fractal, due_unseen_surprise
D:2:      nicolae_ashenzari_panopticon, first_ration, uniq_robin, uniq_sigmund,
          uniq_jessica

Skill      XL: |  1  2 |
---------------+-------+-----
Evocations     | 3 4 |  4.7
Spellcasting   | |  4.0
Hexes          | |  1.2
Charms         | |  3.0
Air Magic      | |  1.0
Poison Magic   | |  1.0

Action                   || total
-------------------------++-------
Melee: Dagger            ||    32
 Cast: Sting             ||    15
Evoke: Fan of gales      ||     1
  Use: Potion            ||     1
Armor: Robe              ||     3
Dodge: Dodged            ||    31

Table legend:
 A = Spawn XP
 B = Non-spawn XP
 C = Spawn XP percentage of total XP
 D = Spawn monster count
 E = Non-spawn monster count
 F = Spawn count percentage of total count
 G = Total turns spent on level
                    A         B        C        D         E        F      G
               +---------+---------+-------+---------+---------+-------+---------
         Total |       0 |      43 |   0.0 |       0 |      10 |   0.0 |   818
               +---------+---------+-------+---------+---------+-------+---------
           D:1 |       0 |       1 |   0.0 |       0 |       1 |   0.0 |   123
           D:2 |       0 |      42 |   0.0 |       0 |       9 |   0.0 |   695
               +---------+---------+-------+---------+---------+-------+---------
